 Dungeon Sprint DCSS version 0.31-a0-43-g46d131a48f (webtiles) character file.

Game seed: 11195115875898823124

743 bmack86 the Cleaver (level 7, -8/73 HPs)
             Began as a Minotaur Fighter on May 19, 2023.
             Was a Believer of Trog.
             Mangled by a shadow (19 damage)
             ... in the Dungeon (Sprint IX: "|||||||||||||||||||||||||||||").
             The game lasted 00:01:28 (126 turns).

bmack86 the Cleaver (Minotaur Fighter)               Turns: 126, Time: 00:01:29

Health: -8/73      AC: 16    Str: 25    XL:     7   Next: 47%
Magic:  6/6        EV:  9    Int:  5    God:    Trog [**....]
Gold:   0          SH:  4    Dex: 10    Spells: 6/6 levels left

rFire   . . .        l - +1 broad axe (freeze)
rCold   . . .        c - +0 buckler
rNeg    . . .        n - +0 plate armour
rPois   .            (helmet restricted)
rElec   .            (no cloak)
rCorr   .            (no gloves)
SInv    .            m - +0 pair of boots
Will    .....        (no amulet) Stlth
                     o - +2 ring of evasion
HPRegen 0.32/turn    p - +3 ring of strength
MPRegen 0.10/turn

%: no teleportation
@: mighty
A: horns 2, retaliatory headbutt
a: Renounce Religion, Berserk, Trog's Hand


You were in the Dungeon.
You worshipped Trog.
Trog was pleased with you.
You visited 1 branch

Inventory:

Hand Weapons
 a - a +0 war axe
 l - a +1 broad axe of freezing (weapon)
Armour
 b - a +0 scale mail
 c - a +0 buckler (worn)
 m - a +0 pair of boots (worn)
 n - a +0 plate armour (worn)
Jewellery
 o - a +2 ring of evasion (left hand)
 p - a +3 ring of strength (right hand)
Wands
 k - a wand of light (10)
Scrolls
 j - 2 scrolls of blinking
Potions
 e - 5 potions of curing
 f - 3 potions of heal wounds
 g - a potion of haste
 h - 4 potions of magic
 i - a potion of invisibility


   Skills:
 + Level 10.5 Fighting
 * Level 13.9 Axes
 + Level 10.5 Armour
 - Level 3.6 Shields


You had 6 spell levels left.
You didn't know any spells.
Your spell library was empty.

Dungeon Overview and Level Annotations

Branches:
Dungeon (1/1)

Altars:
Cheibriados
Dithmenos
Elyvilon
Fedhas
Gozag
Hepliaklqana
Kikubaaqudgha
Makhleb
Nemelex Xobeh
Okawaru
Qazlal
Ru
Sif Muna
Trog
Uskayaw
Vehumet
Wu Jian
Xom
Yredelemnul
Zin
The Shining One
Jiyva
Lugonu


Innate Abilities, Weirdness & Mutations

You have a pair of horns on your head.
You reflexively headbutt those who attack you in melee.


Message History

Something draws strength from your injuries!
You barely miss something. Something hits you but does no damage.
Something bites you but does no damage.
You slice something!! Something hits you. You block something's attack.
You barely miss something. You block something's attack. Something bites you.
Something draws strength from your injuries!
You slice something!! You freeze something. Trog accepts your kill.
Trog appreciates your killing of a magic user.
You can now call upon Trog for regeneration and willpower.
Reactivating autopickup.
You feel a bit more experienced.
You have reached level 7!
You slash the troll! You freeze the troll.
The troll is moderately wounded.
The troll bites you. The troll closely misses you. The troll claws you.
You barely miss the troll.
The troll is moderately wounded.
The troll bites you but does no damage. The troll claws you but does no damage.
The troll claws you!
* * * LOW HITPOINT WARNING * * *
Unknown command.
You slash the troll! You freeze the troll.
The troll is heavily wounded.
The troll bites you!
* * * LOW HITPOINT WARNING * * *
The troll closely misses you. You block the troll's attack.
You slash the troll! You freeze the troll.
You kill the troll!
Trog accepts your kill.
Your Fighting skill increases to level 10!
Your Axes skill increases to level 13!
Your Armour skill increases to level 10!
The shadow strikes at you from the darkness!
Deactivating autopickup; reactivate with Ctrl-A.
Things that are here:
a +0 dagger; a +0 robe; an orc corpse You slice something!!
The shadow strikes at you from the darkness!
You die...

▓)▓
▓.▓
▓.▓
▓[▓
▓.▓
▓.▓
▓.▓
▓)▓
▓@▓
▓{▓
▓.▓
▓.▓
▓.▓
▓.▓
▓+▓


There were no monsters in sight!

Vanquished Creatures
  A troll (D)
  A yak (D)
  A vampire (D)
  An ogre (D)
  A kobold brigand (D)
  2 iguanas (D)
  An orc wizard (D)
  2 gnolls (D)
  A dart slug (D)
  A goblin (D)
  2 ball pythons (D)
  A bat (D)
15 creatures vanquished.

Notes
Turn   | Place    | Note
-------+----------+-------------------------------------------
     0 | D        | bmack86 the Minotaur Fighter began the quest for the Orb.
     0 | D        | Reached XP level 1. HP: 19/19 MP: 0/0
     7 | D        | Reached skill level 3 in Axes
    12 | D        | Reached skill level 4 in Axes
    12 | D        | Reached XP level 2. HP: 28/28 MP: 1/1
    23 | D        | Noticed an ogre
    27 | D        | Reached skill level 5 in Fighting
    27 | D        | Reached skill level 6 in Axes
    27 | D        | Reached skill level 5 in Armour
    27 | D        | Reached XP level 3. HP: 32/36 MP: 2/2
    31 | D        | Killed an ogre
    32 | D        | Reached skill level 9 in Axes
    32 | D        | Reached XP level 4. HP: 47/47 MP: 3/3
    32 | D        | Reached XP level 5. HP: 52/52 MP: 4/4
    41 | D        | Found a snail-covered altar of Cheibriados.
    41 | D        | Found a shadowy altar of Dithmenos.
    41 | D        | Found a white marble altar of Elyvilon.
    41 | D        | Found a blossoming altar of Fedhas.
    41 | D        | Found an opulent altar of Gozag.
    42 | D        | Found a hazy altar of Hepliaklqana.
    43 | D        | Found a viscous altar of Jiyva.
    44 | D        | Found an ancient bone altar of Kikubaaqudgha.
    45 | D        | Found a corrupted altar of Lugonu.
    46 | D        | Found a burning altar of Makhleb.
    47 | D        | Found a sparkling altar of Nemelex Xobeh.
    48 | D        | Found an iron altar of Okawaru.
    49 | D        | Found a stormy altar of Qazlal.
    50 | D        | Found a sacrificial altar of Ru.
    51 | D        | Found a shimmering blue altar of Sif Muna.
    52 | D        | Found a bloodstained altar of Trog.
    53 | D        | Found a hide-covered altar of Uskayaw.
    54 | D        | Found a radiant altar of Vehumet.
    55 | D        | Found an ornate altar of the Wu Jian Council.
    56 | D        | Found a shimmering altar of Xom.
    57 | D        | Found a basalt altar of Yredelemnul.
    58 | D        | Found a glowing silver altar of Zin.
    59 | D        | Found a glowing golden altar of the Shining One.
    60 | D        | Became a worshipper of Trog the Wrathful
   103 | D        | Noticed a yak
   103 | D        | Noticed a vampire
   103 | D        | Noticed a troll
   103 | D        | Noticed a shadow
   106 | D        | Killed a yak
   107 | D        | Reached skill level 11 in Axes
   107 | D        | Reached XP level 6. HP: 47/62 MP: 5/5
   113 | D        | Reached * piety under Trog
   114 | D        | Reached skill level 12 in Axes
   120 | D        | Killed a vampire
   120 | D        | Reached ** piety under Trog
   121 | D        | Reached XP level 7. HP: 33/71 MP: 6/6
   124 | D        | Killed a troll
   125 | D        | Reached skill level 10 in Fighting
   125 | D        | Reached skill level 13 in Axes
   125 | D        | Reached skill level 10 in Armour
   126 | D        | Mangled by a shadow

Illustrated notes

Levels and vault maps discovered:
D:        linesprint [early_d, line_temple, items_1, d_10, items_2, lair_1,
          lair_end, items_3, orc_1, orc_end, items_4, d_15, swamp_1, shoals_1,
          snake_1, spider_1, d_20, vaults_1, items_5, swamp_end, shoals_end,
          snake_end, spider_end, vaults_end, d_27, items_6, zot_1, zot_end,
          crypt_end, forest_end, elf_end, slime_end, tomb_end, abyss_end,
          pan_hell_end]

Skill      XL: |  1  2  3  4  5  6  7 |
---------------+----------------------+-----
Axes           | 4 6 9 11 12 13 | 13.9
Fighting       | 4 5 7 8 9 10 | 10.5
Armour         | 4 5 7 8 9 10 | 10.5
Shields        | |  3.6

Action                     |  1- 3 |  4- 6 |  7- 9 || total
---------------------------+-------+-------+-------++-------
  Melee: War axe           |    14 |     3 |       ||    17
         Headbutt          |     2 |     1 |       ||     3
         Broad axe         |       |    15 |     5 ||    20
    Use: Potion            |     1 |     1 |       ||     2
 Armour: Scale mail        |     4 |       |       ||     4
         Plate armour      |       |     9 |     2 ||    11
  Dodge: Dodged            |     8 |     2 |     2 ||    12
  Block: Buckler           |       |     3 |     2 ||     5

Table legend: (Time is in decaauts)
 A = Elapsed time spent in this place.
 B = Non-inter-level travel time spent in this place.
 C = Inter-level travel time spent in this place.
 D = Time resting spent in this place.
 E = Time spent auto-exploring this place.
 F = Levels seen in this place.
 G = Mean time per level.
                   A        B        C        D        E       F      G
               +--------+--------+--------+--------+--------+-----+--------+
         Total |    135 |    135 |      0 |      0 |      0 |   1 |  135.0 |
       Dungeon |    135 |    135 |      0 |      0 |      0 |   1 |  135.0 |
               +--------+--------+--------+--------+--------+-----+--------+

Top non-repeatable levels by time:
       D: 135 daAuts
